[ PARTIDA AOE2 · #472229064 ]
UnrankedCumanos vs Khmer
[ ANÁLISIS DE REPETICIÓN · EXTRAÍDO DE LA PARTIDA GRABADA ]
Feudal
10:12
Castillos
22:33
Imperial
—
| APM promedio | 36.5 |
| APM pico | 66 |
| eAPM promedio | 15.3 |
| Aldeanos / militares | 58 / 20 |
Foco
⚔️ 13.8% · 🌾 86.2%
Steppe Lancer ×14 · Scout Cavalry ×6
Feudal
11:08
Castillos
19:51
Imperial
—
| APM promedio | 15.2 |
| APM pico | 31 |
| eAPM promedio | 7.4 |
| Aldeanos / militares | 45 / 12 |
Foco
⚔️ 18.7% · 🌾 81.3%
Knight ×7 · Battering Ram ×3 · Scorpion ×2
Feudal
13:09
Castillos
18:35
Imperial
—
| APM promedio | 13.7 |
| APM pico | 55 |
| eAPM promedio | 9.5 |
| Aldeanos / militares | 68 / 10 |
Foco
⚔️ 6.7% · 🌾 93.3%
Knight ×9 · Monk ×1
Feudal
11:06
Castillos
15:07
Imperial
—
| APM promedio | 31.0 |
| APM pico | 83 |
| eAPM promedio | 15.5 |
| Aldeanos / militares | 73 / 15 |
Foco
⚔️ 15.4% · 🌾 84.6%
Fire Lancer ×10 · Battering Ram ×3 · Scout Cavalry ×2
Feudal
12:10
Castillos
17:19
Imperial
—
| APM promedio | 11.9 |
| APM pico | 35 |
| eAPM promedio | 7.3 |
| Aldeanos / militares | 55 / 2 |
Foco
⚔️ 11.3% · 🌾 88.7%
Monk ×2 · Trade Cart ×1
Feudal
13:17
Castillos
17:09
Imperial
—
| APM promedio | 21.8 |
| APM pico | 53 |
| eAPM promedio | 12.6 |
| Aldeanos / militares | 54 / 9 |
Foco
⚔️ 12.5% · 🌾 87.5%
Fire Lancer ×4 · Monk ×3 · Iron Pagoda ×2
Feudal
10:45
Castillos
17:05
Imperial
—
| APM promedio | 33.1 |
| APM pico | 73 |
| eAPM promedio | 12.9 |
| Aldeanos / militares | 84 / 16 |
Foco
⚔️ 15.3% · 🌾 84.7%
Scorpion ×6 · Woad Raider ×5 · Monk ×3 · Battering Ram ×2
Feudal
12:19
Castillos
—
Imperial
—
| APM promedio | 20.5 |
| APM pico | 56 |
| eAPM promedio | 12.3 |
| Aldeanos / militares | 48 / 15 |
Foco
⚔️ 11.2% · 🌾 88.8%
Spearman ×11 · Skirmisher ×4
Mapa de la partida
Recursos iniciales + cada clic de construcción. Líneas = muros · curvas = relieve. ◆ oro · ⬟ piedra · ● bayas · ✦ reliquia · ◌ hueco del cierre
Tu base· ✓ Cerrada en 22:33 · 0t muro · 2 puerta(s)
Base de aegilello· ✓ Cerrada en 19:51 · 0t muro · 3 puerta(s)
Base de FAL ✪· ✓ Cerrada en 18:35 · 0t muro · 3 puerta(s)
Base de francisco.jose.serpa· ✓ Cerrada en 15:07 · 0t muro · 3 puerta(s)
Base de Curry-· ✓ Cerrada en 17:19 · 0t muro · 2 puerta(s)
Base de 1· ✓ Cerrada en 17:09 · 0t muro · 2 puerta(s)
Base de Ayaan· ✓ Cerrada en 17:05 · 0t muro · 3 puerta(s)
Base de LautaZ-· ✓ Cerrada en 24:28 · 0t muro · 3 puerta(s)
Terreno inicial suavizado · ◌ = hueco del cierre detectado · pasá el cursor para detalles
Inputs por minuto
— JamesBoxbox - - aegilello
Build order — JamesBoxbox
Primeras 150 de 156 acciones detectadas
| 0:01 | Crear | Villager (Male) |
| 0:02 | Crear | Villager (Male) |
| 0:04 | Construir | House |
| 0:05 | Construir | House |
| 1:01 | Crear | Villager (Male) |
| 1:07 | Crear | Villager (Male) |
| 1:41 | Crear | Villager (Male) |
| 2:08 | Construir | Lumber Camp |
| 2:09 | Crear | Villager (Male) |
| 2:34 | Crear | Villager (Male) |
| 3:22 | Construir | House |
| 3:23 | Crear | Villager (Male) |
| 3:47 | Construir | House |
| 3:51 | Crear | Villager (Male) |
| 3:52 | Crear | Villager (Male) |
| 4:45 | Crear | Villager (Male) |
| 5:40 | Crear | Villager (Male) |
| 5:55 | Crear | Villager (Male) |
| 5:57 | Construir | Mill |
| 6:31 | Crear | Villager (Male) |
| 7:12 | Crear | Villager (Male) |
| 7:31 | Crear | Villager (Male) |
| 7:58 | Investigar | Feudal Age |
| 8:13 | Construir | Mining Camp |
| 8:17 | Construir | Lumber Camp |
| 9:32 | Investigar | Loom |
| 10:04 | Crear | Villager (Male) |
| 10:04 | Crear | Villager (Male) |
| 10:12 | Edad | Edad Feudal |
| 10:20 | Investigar | Horse Collar |
| 10:26 | Investigar | Double-Bit Axe |
| 11:05 | Construir | Town Center |
| 11:09 | Crear | Villager (Male) |
| 11:39 | Construir | House |
| 11:49 | Crear | Villager (Male) |
| 11:52 | Construir | House |
| 12:37 | Construir | House |
| 12:38 | Construir | House |
| 12:52 | Crear | Villager (Male) |
| 12:52 | Crear | Villager (Male) |
| 13:02 | Construir | Farm |
| 13:04 | Construir | Farm |
| 13:07 | Construir | Farm |
| 13:10 | Construir | Farm |
| 13:12 | Crear | Villager (Male) |
| 13:13 | Crear | Villager (Male) |
| 13:13 | Crear | Villager (Male) |
| 13:22 | Construir | Farm |
| 13:39 | Crear | Villager (Male) |
| 13:52 | Construir | Market |
| 13:58 | Construir | Blacksmith |
| 14:08 | Crear | Villager (Male) |
| 14:08 | Crear | Villager (Male) |
| 14:10 | Crear | Villager (Male) |
| 14:20 | Construir | House |
| 14:23 | Construir | House |
| 14:24 | Construir | House |
| 14:33 | Crear | Villager (Male) |
| 15:38 | Crear | Villager (Male) |
| 15:39 | Crear | Villager (Male) |
| 15:43 | Construir | Farm |
| 15:45 | Construir | Farm |
| 15:48 | Construir | Farm |
| 15:49 | Construir | Farm |
| 15:51 | Crear | Villager (Male) |
| 15:54 | Crear | Villager (Male) |
| 15:54 | Crear | Villager (Male) |
| 16:17 | Construir | House |
| 16:18 | Construir | House |
| 16:20 | Construir | House |
| 16:29 | Construir | Farm |
| 16:31 | Construir | Farm |
| 16:38 | Construir | Farm |
| 16:42 | Construir | Farm |
| 16:48 | Crear | Villager (Male) |
| 16:48 | Crear | Villager (Male) |
| 16:59 | Construir | Barracks |
| 17:05 | Construir | Mining Camp |
| 17:08 | Crear | Villager (Male) |
| 17:08 | Crear | Villager (Male) |
| 17:30 | Construir | House |
| 17:34 | Crear | Villager (Male) |
| 17:38 | Construir | Farm |
| 17:44 | Construir | Farm |
| 17:46 | Crear | Villager (Male) |
| 17:46 | Crear | Villager (Male) |
| 17:51 | Construir | Farm |
| 17:56 | Construir | Farm |
| 18:00 | Construir | Farm |
| 18:03 | Crear | Villager (Male) |
| 18:03 | Crear | Villager (Male) |
| 18:34 | Construir | Farm |
| 18:43 | Construir | Farm |
| 18:46 | Crear | Villager (Male) |
| 18:48 | Crear | Villager (Male) |
| 18:49 | Crear | Villager (Male) |
| 18:55 | Construir | Mill |
| 18:57 | Construir | Farm |
| 19:06 | Crear | Villager (Male) |
| 19:17 | Construir | Stable |
| 19:28 | Construir | Stable |
| 19:38 | Crear | Villager (Male) |
| 19:53 | Investigar | Castle Age |
| 19:57 | Construir | House |
| 19:58 | Construir | House |
| 20:10 | Investigar | Bloodlines |
| 20:18 | Crear | Villager (Male) |
| 20:19 | Crear | Villager (Male) |
| 20:32 | Construir | Farm |
| 20:37 | Construir | Farm |
| 20:40 | Construir | Farm |
| 20:44 | Construir | Farm |
| 20:45 | Construir | Farm |
| 20:47 | Construir | Mill |
| 20:54 | Construir | Farm |
| 21:02 | Crear | Scout Cavalry |
| 21:02 | Crear | Scout Cavalry |
| 21:02 | Crear | Scout Cavalry |
| 21:03 | Crear | Scout Cavalry |
| 21:11 | Construir | Farm |
| 21:15 | Crear | Villager (Male) |
| 21:16 | Crear | Villager (Male) |
| 21:16 | Crear | Villager (Male) |
| 21:23 | Construir | Farm |
| 21:28 | Construir | Farm |
| 21:32 | Construir | Farm |
| 21:35 | Crear | Scout Cavalry |
| 21:37 | Crear | Scout Cavalry |
| 21:44 | Construir | Farm |
| 21:45 | Construir | Farm |
| 21:45 | Construir | Farm |
| 22:00 | Investigar | Scale Barding Armor |
| 22:22 | Investigar | Forging |
| 22:33 | Edad | Edad de los Castillos |
| 22:34 | Investigar | Town Watch |
| 23:23 | Crear | Villager (Male) |
| 23:23 | Crear | Villager (Male) |
| 23:59 | Crear | Steppe Lancer |
| 23:59 | Crear | Steppe Lancer |
| 24:02 | Crear | Steppe Lancer |
| 24:02 | Crear | Steppe Lancer |
| 24:02 | Crear | Steppe Lancer |
| 24:07 | Crear | Villager (Male) |
| 24:08 | Crear | Villager (Male) |
| 24:21 | Construir | Stable |
| 24:23 | Construir | Stable |
| 24:24 | Construir | Stable |
| 24:36 | Crear | Steppe Lancer |
| 24:36 | Crear | Steppe Lancer |
| 24:36 | Crear | Steppe Lancer |
Build order — aegilello
86 acciones detectadas en el replay
| 0:07 | Crear | Villager (Male) ×4 |
| 0:12 | Construir | House |
| 1:38 | Crear | Villager (Male) |
| 2:05 | Crear | Villager (Male) |
| 2:11 | Investigar | Loom |
| 2:24 | Construir | House |
| 2:26 | Construir | House |
| 2:28 | Construir | House |
| 2:39 | Crear | Villager (Male) |
| 3:15 | Crear | Villager (Male) ×2 |
| 3:47 | Crear | Villager (Male) ×2 |
| 4:36 | Crear | Villager (Male) |
| 4:36 | Crear | Villager (Male) |
| 5:04 | Crear | Villager (Male) |
| 5:55 | Crear | Villager (Male) ×2 |
| 6:51 | Crear | Villager (Male) ×3 |
| 7:30 | Construir | Mill |
| 7:58 | Crear | Villager (Male) ×5 |
| 8:13 | Construir | Mining Camp |
| 8:58 | Investigar | Feudal Age |
| 9:58 | Construir | Lumber Camp |
| 10:19 | Construir | House |
| 10:54 | Crear | Villager (Male) ×5 |
| 11:08 | Edad | Edad Feudal |
| 11:20 | Construir | Barracks |
| 12:28 | Construir | Stable |
| 12:43 | Construir | House |
| 13:17 | Crear | Villager (Male) |
| 13:28 | Construir | Blacksmith |
| 13:32 | Crear | Villager (Male) |
| 14:11 | Crear | Villager (Male) |
| 14:29 | Construir | Mining Camp |
| 14:35 | Construir | Farm |
| 14:35 | Construir | Farm |
| 14:35 | Construir | Farm |
| 14:36 | Construir | Farm |
| 14:36 | Construir | Farm |
| 14:36 | Construir | Farm |
| 14:36 | Construir | Farm |
| 14:37 | Construir | Farm |
| 14:37 | Construir | Farm |
| 14:37 | Construir | Farm |
| 14:38 | Construir | Farm |
| 15:06 | Crear | Villager (Male) |
| 15:06 | Crear | Villager (Male) |
| 15:44 | Construir | Farm |
| 15:44 | Construir | Farm |
| 15:44 | Construir | Farm |
| 15:45 | Construir | Farm |
| 15:45 | Construir | Farm |
| 15:45 | Construir | Farm |
| 15:46 | Construir | Farm |
| 15:46 | Construir | Farm |
| 16:15 | Construir | Farm |
| 16:16 | Construir | Farm |
| 16:16 | Construir | Farm |
| 16:16 | Construir | Farm |
| 16:17 | Construir | Farm |
| 16:45 | Construir | Farm |
| 17:11 | Investigar | Castle Age |
| 18:16 | Investigar | Scale Barding Armor |
| 18:28 | Construir | House |
| 18:30 | Construir | House |
| 18:50 | Investigar | Wheelbarrow |
| 19:51 | Edad | Edad de los Castillos |
| 19:52 | Crear | Knight ×2 |
| 19:59 | Construir | Siege Workshop |
| 20:07 | Construir | Siege Workshop |
| 20:30 | Crear | Villager (Male) |
| 20:38 | Crear | Villager (Male) |
| 20:39 | Crear | Villager (Male) |
| 20:46 | Crear | Knight |
| 20:55 | Crear | Battering Ram ×3 |
| 21:07 | Crear | Scorpion |
| 21:07 | Crear | Scorpion |
| 21:12 | Construir | House |
| 21:21 | Crear | Knight |
| 21:37 | Crear | Villager (Male) |
| 21:48 | Construir | House |
| 21:57 | Crear | Knight |
| 22:24 | Crear | Villager (Male) |
| 22:24 | Crear | Villager (Male) |
| 22:33 | Crear | Knight |
| 23:04 | Crear | Knight |
| 24:08 | Construir | Castle |
| 24:29 | Crear | Villager (Male) ×5 |
Build order — FAL ✪
134 acciones detectadas en el replay
| 0:04 | Construir | House |
| 0:06 | Construir | House |
| 0:07 | Crear | Villager (Male) |
| 0:08 | Crear | Villager (Male) |
| 0:08 | Crear | Villager (Male) |
| 0:09 | Crear | Villager (Male) |
| 0:09 | Crear | Villager (Male) |
| 1:32 | Crear | Villager (Male) |
| 2:29 | Construir | Lumber Camp |
| 2:43 | Crear | Villager (Male) |
| 2:44 | Crear | Villager (Male) |
| 2:44 | Crear | Villager (Male) |
| 3:01 | Crear | Villager (Male) |
| 3:22 | Crear | Villager (Male) |
| 3:23 | Crear | Villager (Male) |
| 4:02 | Construir | House |
| 4:05 | Construir | House |
| 4:08 | Crear | Villager (Male) |
| 4:09 | Crear | Villager (Male) |
| 4:50 | Construir | Mill |
| 4:53 | Crear | Villager (Male) |
| 4:53 | Crear | Villager (Male) |
| 4:53 | Crear | Villager (Male) |
| 5:11 | Crear | Villager (Male) |
| 5:51 | Crear | Villager (Male) |
| 5:52 | Crear | Villager (Male) |
| 5:52 | Crear | Villager (Male) |
| 6:14 | Crear | Villager (Male) |
| 6:14 | Crear | Villager (Male) |
| 6:38 | Construir | Farm |
| 6:40 | Crear | Villager (Male) |
| 6:41 | Crear | Villager (Male) |
| 7:14 | Crear | Villager (Male) |
| 8:13 | Crear | Villager (Male) |
| 8:36 | Crear | Villager (Male) |
| 8:36 | Crear | Villager (Male) |
| 8:41 | Construir | House |
| 8:46 | Construir | House |
| 8:58 | Construir | Lumber Camp |
| 9:16 | Crear | Villager (Male) |
| 9:21 | Construir | Farm |
| 10:06 | Construir | Mining Camp |
| 10:09 | Crear | Villager (Male) |
| 10:10 | Crear | Villager (Male) |
| 10:14 | Investigar | Feudal Age |
| 10:45 | Construir | Mill |
| 12:32 | Crear | Villager (Male) |
| 12:33 | Crear | Villager (Male) |
| 12:40 | Crear | Villager (Male) |
| 13:09 | Edad | Edad Feudal |
| 13:14 | Crear | Villager (Male) |
| 13:17 | Investigar | Double-Bit Axe |
| 13:21 | Investigar | Horse Collar |
| 13:24 | Crear | Villager (Male) |
| 13:34 | Crear | Villager (Male) |
| 13:54 | Construir | House |
| 13:55 | Construir | House |
| 14:06 | Construir | Farm |
| 14:07 | Construir | Farm |
| 14:08 | Construir | Farm |
| 14:10 | Construir | Farm |
| 14:11 | Construir | Farm |
| 14:13 | Construir | Farm |
| 14:14 | Construir | Farm |
| 14:15 | Construir | Farm |
| 15:50 | Construir | Farm |
| 15:55 | Investigar | Castle Age |
| 16:31 | Construir | Farm |
| 16:32 | Construir | Farm |
| 16:33 | Construir | Farm |
| 16:36 | Construir | Farm |
| 16:37 | Construir | Farm |
| 16:46 | Construir | Farm |
| 17:00 | Crear | Villager (Male) |
| 17:01 | Crear | Villager (Male) |
| 17:02 | Crear | Villager (Male) |
| 17:07 | Crear | Villager (Male) |
| 18:19 | Construir | Blacksmith |
| 18:35 | Edad | Edad de los Castillos |
| 18:40 | Construir | Town Center |
| 19:06 | Construir | Monastery |
| 19:18 | Investigar | Bow Saw |
| 19:21 | Investigar | Gold Mining |
| 19:22 | Investigar | Stone Mining |
| 19:28 | Investigar | Heavy Plow |
| 19:53 | Crear | Monk |
| 20:42 | Crear | Villager (Male) |
| 20:46 | Crear | Villager (Male) |
| 20:46 | Crear | Villager (Male) |
| 20:46 | Crear | Villager (Male) |
| 20:47 | Crear | Villager (Male) |
| 20:49 | Crear | Villager (Male) |
| 20:55 | Crear | Villager (Male) |
| 20:56 | Crear | Villager (Male) |
| 20:56 | Crear | Villager (Male) |
| 20:56 | Crear | Villager (Male) |
| 20:57 | Crear | Villager (Male) |
| 20:57 | Crear | Villager (Male) |
| 20:57 | Crear | Villager (Male) |
| 20:58 | Crear | Villager (Male) |
| 20:58 | Crear | Villager (Male) |
| 20:59 | Crear | Villager (Male) |
| 20:59 | Crear | Villager (Male) |
| 21:02 | Crear | Villager (Male) |
| 21:02 | Crear | Villager (Male) |
| 21:04 | Crear | Villager (Male) |
| 21:10 | Construir | Farm |
| 21:31 | Construir | Stable |
| 21:50 | Construir | Farm |
| 21:57 | Construir | Farm |
| 22:03 | Construir | Farm |
| 22:04 | Crear | Villager (Male) |
| 22:04 | Crear | Villager (Male) |
| 22:18 | Construir | Farm |
| 22:24 | Construir | Farm |
| 22:26 | Investigar | Scale Barding Armor |
| 22:27 | Investigar | Forging |
| 22:32 | Construir | Farm |
| 22:34 | Crear | Villager (Male) |
| 22:34 | Crear | Villager (Male) |
| 22:34 | Crear | Villager (Male) |
| 22:36 | Crear | Villager (Male) |
| 22:44 | Construir | Stable |
| 22:46 | Construir | Stable |
| 22:51 | Crear | Knight |
| 22:52 | Crear | Knight |
| 22:52 | Crear | Knight |
| 23:15 | Construir | House |
| 23:17 | Construir | House |
| 23:19 | Construir | House |
| 23:30 | Investigar | Bloodlines |
| 23:45 | Investigar | Husbandry |
| 23:49 | Crear | Knight ×3 |
| 23:50 | Crear | Knight ×3 |
Build order — francisco.jose.serpa
Primeras 150 de 158 acciones detectadas
| 0:01 | Crear | Villager (Male) |
| 0:02 | Construir | House |
| 0:04 | Construir | House |
| 0:19 | Crear | Villager (Male) |
| 0:20 | Crear | Villager (Male) |
| 0:27 | Crear | Villager (Male) |
| 1:30 | Crear | Villager (Male) |
| 1:46 | Construir | Lumber Camp |
| 1:49 | Crear | Villager (Male) |
| 2:20 | Crear | Villager (Male) |
| 2:35 | Crear | Villager (Male) |
| 3:07 | Crear | Villager (Male) |
| 3:52 | Crear | Villager (Male) |
| 4:00 | Construir | House |
| 4:09 | Crear | Villager (Male) |
| 4:31 | Construir | House |
| 4:35 | Construir | Mill |
| 4:46 | Crear | Villager (Male) |
| 5:02 | Crear | Villager (Male) |
| 5:31 | Crear | Villager (Male) |
| 5:35 | Crear | Villager (Male) |
| 5:36 | Crear | Villager (Male) |
| 6:01 | Crear | Villager (Male) |
| 6:52 | Crear | Villager (Male) |
| 7:05 | Crear | Villager (Male) |
| 7:31 | Construir | House |
| 8:03 | Crear | Villager (Male) |
| 8:06 | Crear | Villager (Male) |
| 8:17 | Crear | Villager (Male) |
| 8:44 | Construir | Mining Camp |
| 8:48 | Investigar | Feudal Age |
| 10:05 | Crear | Villager (Male) |
| 10:32 | Construir | House |
| 11:06 | Edad | Edad Feudal |
| 11:10 | Construir | Market |
| 11:13 | Construir | Blacksmith |
| 11:22 | Crear | Villager (Male) |
| 11:56 | Investigar | Loom |
| 12:27 | Investigar | Castle Age |
| 12:27 | Investigar | Castle Age |
| 12:35 | Construir | Barracks |
| 13:07 | Crear | Villager (Male) |
| 13:13 | Investigar | Double-Bit Axe |
| 13:36 | Investigar | Gold Mining |
| 13:45 | Investigar | Horse Collar |
| 13:45 | Investigar | Horse Collar |
| 13:53 | Crear | Villager (Male) |
| 14:23 | Construir | Farm |
| 14:23 | Construir | Farm |
| 14:23 | Construir | Farm |
| 15:00 | Crear | Villager (Male) |
| 15:06 | Construir | Farm |
| 15:06 | Construir | Farm |
| 15:07 | Construir | Farm |
| 15:07 | Construir | Farm |
| 15:07 | Edad | Edad de los Castillos |
| 15:08 | Construir | Farm |
| 15:17 | Crear | Fire Lancer |
| 15:17 | Crear | Fire Lancer |
| 15:18 | Crear | Fire Lancer |
| 15:18 | Crear | Fire Lancer |
| 15:21 | Crear | Villager (Male) |
| 15:33 | Crear | Villager (Male) |
| 15:51 | Construir | Siege Workshop |
| 15:54 | Crear | Villager (Male) |
| 16:03 | Crear | Villager (Male) |
| 16:18 | Investigar | Scale Mail Armor |
| 16:42 | Crear | Villager (Male) |
| 16:49 | Crear | Battering Ram |
| 16:53 | Crear | Villager (Male) |
| 17:08 | Construir | House |
| 17:12 | Construir | House |
| 17:14 | Crear | Villager (Male) |
| 17:35 | Crear | Villager (Male) |
| 17:59 | Construir | Farm |
| 17:59 | Construir | Farm |
| 18:00 | Construir | Farm |
| 18:00 | Construir | Farm |
| 18:06 | Investigar | Forging |
| 18:25 | Crear | Villager (Male) |
| 18:36 | Construir | Town Center |
| 18:44 | Construir | Stable |
| 18:50 | Crear | Villager (Male) |
| 18:58 | Crear | Villager (Male) |
| 19:00 | Construir | Farm |
| 19:01 | Construir | Farm |
| 19:15 | Construir | Farm |
| 19:20 | Crear | Villager (Male) |
| 19:33 | Investigar | Light Cavalry (upgrade) |
| 19:35 | Crear | Villager (Male) |
| 19:51 | Construir | House |
| 19:54 | Construir | Farm |
| 19:55 | Crear | Villager (Male) |
| 20:09 | Crear | Villager (Male) |
| 20:14 | Investigar | Gambesons |
| 20:19 | Crear | Villager (Male) |
| 20:29 | Construir | Farm |
| 20:29 | Construir | Farm |
| 20:33 | Crear | Villager (Male) |
| 20:48 | Crear | Villager (Male) |
| 21:01 | Crear | Villager (Male) |
| 21:02 | Crear | Villager (Male) |
| 21:12 | Crear | Villager (Male) |
| 21:21 | Construir | Farm |
| 21:21 | Construir | Farm |
| 21:22 | Construir | Farm |
| 21:26 | Crear | Villager (Male) |
| 21:56 | Crear | Villager (Male) |
| 21:56 | Crear | Villager (Male) |
| 21:56 | Crear | Villager (Male) |
| 22:02 | Construir | Stable |
| 22:05 | Crear | Battering Ram |
| 22:07 | Crear | Fire Lancer |
| 22:08 | Crear | Fire Lancer |
| 22:08 | Crear | Fire Lancer |
| 22:08 | Crear | Fire Lancer |
| 22:09 | Crear | Villager (Male) |
| 22:10 | Crear | Villager (Male) |
| 22:14 | Construir | House |
| 22:16 | Construir | House |
| 22:17 | Crear | Villager (Male) |
| 22:25 | Investigar | Husbandry |
| 22:29 | Construir | Farm |
| 22:48 | Crear | Villager (Male) |
| 22:53 | Construir | Farm |
| 22:53 | Construir | Farm |
| 22:53 | Construir | Farm |
| 22:55 | Crear | Villager (Male) |
| 23:02 | Crear | Scout Cavalry |
| 23:15 | Crear | Fire Lancer |
| 23:16 | Investigar | Squires |
| 23:16 | Crear | Villager (Male) |
| 23:38 | Crear | Villager (Male) |
| 23:38 | Crear | Villager (Male) |
| 23:47 | Crear | Scout Cavalry |
| 24:13 | Crear | Villager (Male) |
| 24:13 | Crear | Villager (Male) |
| 24:17 | Crear | Fire Lancer |
| 24:20 | Crear | Villager (Male) |
| 24:26 | Crear | Villager (Male) |
| 24:33 | Construir | House |
| 24:41 | Crear | Villager (Male) |
| 24:42 | Crear | Villager (Male) |
| 24:48 | Crear | Villager (Male) |
| 25:07 | Crear | Villager (Male) |
| 25:16 | Investigar | Chain Mail Armor |
| 25:23 | Crear | Villager (Male) |
| 25:28 | Construir | Barracks |
| 25:30 | Construir | Barracks |
| 25:32 | Crear | Battering Ram |
Build order — Curry-
109 acciones detectadas en el replay
| 0:03 | Crear | Villager (Male) |
| 0:03 | Crear | Villager (Male) |
| 0:05 | Construir | House |
| 0:20 | Crear | Villager (Male) |
| 0:20 | Crear | Villager (Male) |
| 0:44 | Construir | House |
| 0:46 | Construir | House |
| 0:47 | Construir | House |
| 1:39 | Crear | Villager (Male) |
| 2:02 | Construir | House |
| 2:04 | Construir | House |
| 2:06 | Construir | House |
| 2:09 | Crear | Villager (Male) |
| 2:39 | Crear | Villager (Male) |
| 2:39 | Crear | Villager (Male) |
| 3:04 | Crear | Villager (Male) |
| 3:13 | Crear | Villager (Male) |
| 3:57 | Crear | Villager (Male) |
| 4:01 | Crear | Villager (Male) |
| 4:02 | Crear | Villager (Male) |
| 4:02 | Crear | Villager (Male) |
| 4:51 | Crear | Villager (Male) |
| 4:51 | Crear | Villager (Male) |
| 4:52 | Crear | Villager (Male) |
| 4:52 | Crear | Villager (Male) |
| 5:24 | Construir | Mill |
| 5:43 | Crear | Villager (Male) |
| 5:43 | Crear | Villager (Male) |
| 5:44 | Crear | Villager (Male) |
| 7:03 | Construir | Lumber Camp |
| 7:05 | Crear | Villager (Male) |
| 7:07 | Crear | Villager (Male) |
| 7:33 | Crear | Villager (Male) |
| 7:33 | Crear | Villager (Male) |
| 8:21 | Crear | Villager (Male) |
| 8:46 | Crear | Villager (Male) |
| 9:19 | Crear | Villager (Male) |
| 9:58 | Investigar | Feudal Age |
| 10:28 | Construir | Farm |
| 10:37 | Construir | Farm |
| 10:38 | Construir | Farm |
| 10:40 | Construir | Farm |
| 10:42 | Construir | Farm |
| 10:43 | Construir | Farm |
| 10:45 | Construir | Farm |
| 10:46 | Construir | Farm |
| 10:48 | Construir | Farm |
| 10:50 | Construir | Farm |
| 12:10 | Edad | Edad Feudal |
| 12:15 | Crear | Villager (Male) |
| 12:45 | Construir | Farm |
| 12:59 | Construir | Farm |
| 13:01 | Construir | Farm |
| 13:03 | Crear | Villager (Male) |
| 13:16 | Construir | Market |
| 13:29 | Crear | Villager (Male) |
| 13:55 | Construir | Blacksmith |
| 14:01 | Crear | Villager (Male) |
| 14:39 | Investigar | Castle Age |
| 14:52 | Investigar | Forging |
| 15:07 | Construir | Mining Camp |
| 15:47 | Construir | Barracks |
| 16:04 | Investigar | Double-Bit Axe |
| 16:36 | Investigar | Scale Mail Armor |
| 16:38 | Investigar | Scale Barding Armor |
| 17:19 | Edad | Edad de los Castillos |
| 17:24 | Crear | Villager (Male) |
| 17:24 | Crear | Villager (Male) |
| 17:24 | Crear | Villager (Male) |
| 17:24 | Crear | Villager (Male) |
| 17:49 | Construir | Monastery |
| 18:04 | Investigar | Wheelbarrow |
| 18:10 | Crear | Villager (Male) |
| 18:10 | Crear | Villager (Male) |
| 18:10 | Crear | Villager (Male) |
| 18:11 | Crear | Villager (Male) |
| 18:40 | Crear | Villager (Male) |
| 18:40 | Crear | Villager (Male) |
| 18:42 | Crear | Monk |
| 18:52 | Crear | Trade Cart |
| 19:33 | Construir | Town Center |
| 19:42 | Investigar | Loom |
| 19:46 | Crear | Monk |
| 20:29 | Crear | Villager (Male) |
| 20:35 | Construir | House |
| 20:36 | Construir | House |
| 20:37 | Construir | House |
| 20:38 | Construir | House |
| 20:39 | Construir | House |
| 20:45 | Construir | House |
| 20:46 | Construir | House |
| 20:47 | Construir | House |
| 20:51 | Crear | Villager (Male) |
| 20:51 | Crear | Villager (Male) |
| 20:51 | Crear | Villager (Male) |
| 20:52 | Crear | Villager (Male) |
| 20:52 | Crear | Villager (Male) |
| 20:56 | Investigar | Iron Casting |
| 21:44 | Construir | Town Center |
| 21:48 | Crear | Villager (Male) |
| 21:49 | Crear | Villager (Male) |
| 22:46 | Construir | Stone Wall |
| 22:54 | Crear | Villager (Male) |
| 22:54 | Crear | Villager (Male) |
| 23:14 | Crear | Villager (Male) |
| 23:14 | Crear | Villager (Male) |
| 23:14 | Crear | Villager (Male) |
| 23:24 | Construir | Stable |
| 23:25 | Construir | Stable |
Build order — 1
108 acciones detectadas en el replay
| 0:09 | Construir | House |
| 0:10 | Construir | House |
| 0:54 | Construir | Lumber Camp |
| 1:07 | Crear | Villager (Male) |
| 1:08 | Crear | Villager (Male) |
| 1:43 | Crear | Villager (Male) |
| 1:43 | Crear | Villager (Male) |
| 2:05 | Crear | Villager (Male) |
| 2:37 | Crear | Villager (Male) |
| 2:38 | Crear | Villager (Male) |
| 3:01 | Crear | Villager (Male) |
| 3:01 | Crear | Villager (Male) |
| 3:29 | Crear | Villager (Male) |
| 3:29 | Crear | Villager (Male) |
| 4:10 | Crear | Villager (Male) |
| 4:10 | Crear | Villager (Male) |
| 5:00 | Crear | Villager (Male) |
| 5:01 | Crear | Villager (Male) |
| 5:05 | Construir | Mill |
| 6:22 | Crear | Villager (Male) |
| 6:22 | Crear | Villager (Male) |
| 7:20 | Crear | Villager (Male) |
| 7:20 | Crear | Villager (Male) |
| 7:50 | Crear | Villager (Male) |
| 8:27 | Construir | House |
| 8:28 | Construir | House |
| 8:34 | Construir | House |
| 8:37 | Crear | Villager (Male) |
| 8:38 | Crear | Villager (Male) |
| 8:44 | Crear | Villager (Male) |
| 8:58 | Construir | Mining Camp |
| 9:14 | Crear | Villager (Male) |
| 9:46 | Construir | Barracks |
| 9:52 | Construir | House |
| 9:53 | Crear | Villager (Male) |
| 9:57 | Crear | Villager (Male) |
| 10:01 | Investigar | Feudal Age |
| 10:41 | Construir | Farm |
| 10:42 | Construir | Farm |
| 11:00 | Construir | Mill |
| 11:38 | Crear | Villager (Male) |
| 11:38 | Crear | Villager (Male) |
| 12:30 | Construir | Mining Camp |
| 13:17 | Edad | Edad Feudal |
| 13:19 | Construir | Blacksmith |
| 13:22 | Construir | Market |
| 13:49 | Construir | Farm |
| 13:53 | Construir | Farm |
| 14:29 | Investigar | Castle Age |
| 14:29 | Investigar | Castle Age |
| 14:44 | Construir | Farm |
| 15:52 | Crear | Villager (Male) ×5 |
| 16:25 | Investigar | Double-Bit Axe |
| 17:09 | Edad | Edad de los Castillos |
| 17:11 | Construir | Town Center |
| 17:16 | Construir | Town Center |
| 17:20 | Crear | Villager (Male) |
| 17:20 | Crear | Villager (Male) |
| 17:25 | Investigar | Bow Saw |
| 17:27 | Investigar | Horse Collar |
| 18:03 | Construir | Monastery |
| 18:09 | Crear | Villager (Male) |
| 18:09 | Crear | Villager (Male) |
| 18:10 | Crear | Villager (Male) |
| 18:34 | Crear | Villager (Male) |
| 18:34 | Crear | Villager (Male) |
| 18:34 | Crear | Villager (Male) |
| 18:42 | Construir | Farm |
| 18:43 | Construir | Farm |
| 18:47 | Crear | Monk |
| 18:47 | Crear | Monk |
| 19:00 | Crear | Villager (Male) |
| 19:00 | Crear | Villager (Male) |
| 19:20 | Investigar | Gold Mining |
| 19:33 | Construir | Farm |
| 19:36 | Construir | Farm |
| 19:44 | Construir | Farm |
| 19:46 | Construir | Farm |
| 19:48 | Crear | Monk |
| 20:23 | Crear | Villager (Male) |
| 20:24 | Crear | Villager (Male) |
| 20:24 | Crear | Villager (Male) |
| 20:35 | Construir | Siege Workshop |
| 20:50 | Crear | Villager (Male) |
| 20:51 | Crear | Villager (Male) |
| 20:52 | Crear | Villager (Male) |
| 21:10 | Construir | Lumber Camp |
| 21:23 | Construir | Farm |
| 21:35 | Investigar | Stone Mining |
| 21:38 | Investigar | Town Watch |
| 22:09 | Crear | Iron Pagoda |
| 22:10 | Crear | Iron Pagoda |
| 22:28 | Crear | Fire Lancer |
| 22:28 | Crear | Fire Lancer |
| 22:35 | Crear | Villager (Male) |
| 22:35 | Crear | Villager (Male) |
| 22:38 | Crear | Villager (Male) |
| 22:38 | Crear | Villager (Male) |
| 22:43 | Construir | Farm |
| 22:44 | Construir | Farm |
| 22:48 | Investigar | Wheelbarrow |
| 22:51 | Crear | Fire Lancer |
| 23:10 | Crear | Villager (Male) |
| 23:33 | Crear | Fire Lancer |
| 23:41 | Investigar | Forging |
| 23:42 | Investigar | Fletching |
| 23:51 | Construir | Farm |
| 24:41 | Construir | Castle |
Build order — Ayaan
Primeras 150 de 163 acciones detectadas
| 0:04 | Construir | House |
| 0:06 | Construir | House |
| 0:20 | Crear | Villager (Male) |
| 0:21 | Crear | Villager (Male) |
| 0:21 | Crear | Villager (Male) |
| 0:21 | Crear | Villager (Male) |
| 0:22 | Crear | Villager (Male) |
| 1:43 | Crear | Villager (Male) |
| 1:44 | Crear | Villager (Male) |
| 1:44 | Crear | Villager (Male) |
| 2:20 | Crear | Villager (Male) |
| 2:21 | Crear | Villager (Male) |
| 2:47 | Crear | Villager (Male) |
| 2:48 | Crear | Villager (Male) |
| 2:48 | Crear | Villager (Male) |
| 3:05 | Crear | Villager (Male) |
| 3:06 | Crear | Villager (Male) |
| 3:06 | Crear | Villager (Male) |
| 3:19 | Crear | Villager (Male) |
| 3:19 | Crear | Villager (Male) |
| 3:53 | Construir | Lumber Camp |
| 4:08 | Crear | Villager (Male) |
| 4:22 | Construir | House |
| 4:26 | Crear | Villager (Male) |
| 4:26 | Crear | Villager (Male) |
| 4:50 | Construir | Mill |
| 4:56 | Crear | Villager (Male) |
| 4:57 | Crear | Villager (Male) |
| 5:34 | Crear | Villager (Male) |
| 6:03 | Crear | Villager (Male) |
| 6:06 | Construir | Mining Camp |
| 6:10 | Construir | House |
| 6:15 | Crear | Villager (Male) |
| 7:05 | Crear | Villager (Male) |
| 7:06 | Crear | Villager (Male) |
| 7:14 | Construir | Mining Camp |
| 7:57 | Investigar | Loom |
| 8:35 | Investigar | Feudal Age |
| 10:29 | Construir | House |
| 10:45 | Edad | Edad Feudal |
| 10:50 | Crear | Villager (Male) |
| 11:06 | Construir | Market |
| 11:14 | Construir | Blacksmith |
| 11:19 | Crear | Villager (Male) |
| 11:24 | Crear | Villager (Male) |
| 11:54 | Construir | Farm |
| 11:54 | Construir | Farm |
| 12:12 | Crear | Villager (Male) |
| 12:31 | Crear | Villager (Male) |
| 12:38 | Crear | Villager (Male) |
| 12:41 | Construir | Farm |
| 13:16 | Crear | Villager (Male) |
| 13:28 | Construir | House |
| 13:38 | Crear | Villager (Male) |
| 13:42 | Construir | Farm |
| 13:49 | Construir | Farm |
| 14:25 | Investigar | Castle Age |
| 15:13 | Construir | Farm |
| 15:13 | Construir | Farm |
| 15:14 | Construir | Farm |
| 15:15 | Construir | Farm |
| 15:16 | Construir | Farm |
| 15:17 | Construir | Farm |
| 15:17 | Construir | Farm |
| 15:30 | Construir | Farm |
| 15:38 | Investigar | Double-Bit Axe |
| 16:14 | Investigar | Horse Collar |
| 16:18 | Crear | Villager (Male) |
| 16:50 | Crear | Villager (Male) |
| 17:05 | Edad | Edad de los Castillos |
| 17:08 | Construir | Town Center |
| 17:15 | Crear | Villager (Male) |
| 17:34 | Crear | Villager (Male) |
| 17:57 | Crear | Villager (Male) |
| 18:01 | Crear | Villager (Male) |
| 18:07 | Construir | Farm |
| 18:32 | Crear | Villager (Male) |
| 18:32 | Crear | Villager (Male) |
| 18:53 | Construir | Monastery |
| 19:03 | Crear | Villager (Male) |
| 19:04 | Crear | Villager (Male) |
| 19:08 | Construir | House |
| 19:13 | Construir | House |
| 19:16 | Crear | Villager (Male) |
| 19:27 | Crear | Monk |
| 19:44 | Crear | Villager (Male) |
| 19:48 | Construir | Farm |
| 19:51 | Construir | Town Center |
| 20:05 | Construir | House |
| 20:24 | Crear | Monk |
| 20:31 | Construir | Farm |
| 20:32 | Crear | Villager (Male) |
| 20:34 | Crear | Villager (Male) |
| 20:36 | Crear | Villager (Male) |
| 20:37 | Crear | Villager (Male) |
| 20:38 | Crear | Villager (Male) |
| 20:40 | Construir | Town Center |
| 20:44 | Crear | Villager (Male) |
| 21:09 | Crear | Villager (Male) |
| 21:14 | Construir | Farm |
| 21:15 | Construir | Farm |
| 21:17 | Crear | Villager (Male) |
| 21:26 | Crear | Villager (Male) |
| 21:27 | Crear | Villager (Male) |
| 21:31 | Construir | Castle |
| 21:38 | Crear | Villager (Male) |
| 21:47 | Crear | Villager (Male) |
| 21:48 | Crear | Villager (Male) |
| 21:52 | Crear | Villager (Male) |
| 21:53 | Crear | Villager (Male) |
| 22:09 | Crear | Villager (Male) |
| 22:09 | Crear | Villager (Male) |
| 22:26 | Construir | Farm |
| 22:26 | Construir | Farm |
| 22:26 | Construir | Farm |
| 22:27 | Construir | Farm |
| 22:28 | Crear | Villager (Male) |
| 22:32 | Crear | Villager (Male) |
| 22:34 | Crear | Villager (Male) |
| 22:39 | Construir | Farm |
| 22:39 | Construir | Farm |
| 22:47 | Construir | Siege Workshop |
| 22:51 | Construir | Barracks |
| 22:53 | Crear | Villager (Male) |
| 23:00 | Crear | Villager (Male) |
| 23:00 | Crear | Villager (Male) |
| 23:01 | Crear | Villager (Male) |
| 23:09 | Crear | Monk |
| 23:22 | Crear | Villager (Male) |
| 23:56 | Construir | Barracks |
| 23:58 | Construir | Siege Workshop |
| 24:03 | Crear | Woad Raider |
| 24:04 | Crear | Woad Raider |
| 24:04 | Crear | Woad Raider |
| 24:06 | Crear | Woad Raider |
| 24:11 | Crear | Villager (Male) |
| 24:34 | Crear | Scorpion |
| 24:34 | Crear | Scorpion |
| 24:35 | Crear | Scorpion |
| 24:38 | Crear | Villager (Male) |
| 24:39 | Crear | Villager (Male) |
| 24:40 | Crear | Villager (Male) |
| 24:41 | Crear | Villager (Male) |
| 24:49 | Crear | Villager (Male) |
| 24:49 | Crear | Villager (Male) |
| 24:51 | Crear | Villager (Male) |
| 24:51 | Crear | Villager (Male) |
| 24:51 | Crear | Villager (Male) |
| 24:58 | Construir | Town Center |
| 25:03 | Crear | Scorpion |
Build order — LautaZ-
118 acciones detectadas en el replay
| 0:03 | Construir | House |
| 0:04 | Construir | House |
| 0:05 | Crear | Villager (Male) |
| 0:06 | Crear | Villager (Male) |
| 0:06 | Crear | Villager (Male) |
| 0:06 | Crear | Villager (Male) |
| 0:06 | Crear | Villager (Male) |
| 0:07 | Crear | Villager (Male) |
| 1:39 | Crear | Villager (Male) |
| 1:39 | Crear | Villager (Male) |
| 2:51 | Crear | Villager (Male) |
| 2:51 | Crear | Villager (Male) |
| 2:51 | Crear | Villager (Male) |
| 3:18 | Crear | Villager (Male) |
| 3:18 | Crear | Villager (Male) |
| 3:58 | Construir | House |
| 4:06 | Crear | Villager (Male) |
| 4:06 | Crear | Villager (Male) |
| 4:31 | Crear | Villager (Male) |
| 4:31 | Crear | Villager (Male) |
| 4:31 | Crear | Villager (Male) |
| 4:31 | Crear | Villager (Male) |
| 5:10 | Crear | Villager (Male) |
| 5:36 | Crear | Villager (Male) |
| 5:36 | Crear | Villager (Male) |
| 6:20 | Construir | Mill |
| 6:26 | Construir | House |
| 7:06 | Crear | Villager (Male) |
| 7:06 | Crear | Villager (Male) |
| 7:06 | Crear | Villager (Male) |
| 7:06 | Crear | Villager (Male) |
| 7:33 | Construir | Mill |
| 8:33 | Construir | House |
| 8:43 | Crear | Villager (Male) |
| 8:43 | Crear | Villager (Male) |
| 9:19 | Construir | Mining Camp |
| 9:21 | Crear | Villager (Male) |
| 9:46 | Construir | Lumber Camp |
| 10:09 | Investigar | Feudal Age |
| 10:09 | Investigar | Loom |
| 10:35 | Construir | House |
| 12:19 | Edad | Edad Feudal |
| 12:33 | Crear | Villager (Male) |
| 12:34 | Crear | Villager (Male) |
| 12:34 | Crear | Villager (Male) |
| 13:39 | Construir | House |
| 13:50 | Crear | Villager (Male) |
| 13:50 | Crear | Villager (Male) |
| 14:01 | Construir | Barracks |
| 14:08 | Construir | House |
| 14:11 | Construir | House |
| 14:19 | Crear | Villager (Male) |
| 14:25 | Investigar | Double-Bit Axe |
| 14:49 | Construir | Blacksmith |
| 14:50 | Construir | House |
| 15:53 | Crear | Villager (Male) |
| 15:53 | Crear | Villager (Male) |
| 16:03 | Investigar | Forging |
| 16:10 | Crear | Spearman |
| 16:10 | Crear | Spearman |
| 16:22 | Construir | Farm |
| 16:41 | Construir | House |
| 16:42 | Construir | House |
| 16:49 | Construir | Farm |
| 16:50 | Crear | Villager (Male) |
| 16:51 | Crear | Villager (Male) |
| 16:58 | Investigar | Horse Collar |
| 17:22 | Construir | Farm |
| 17:24 | Crear | Villager (Male) |
| 17:35 | Construir | Mining Camp |
| 17:39 | Construir | Farm |
| 17:41 | Construir | Farm |
| 17:45 | Construir | Farm |
| 18:06 | Construir | House |
| 18:07 | Construir | House |
| 18:07 | Construir | House |
| 18:09 | Construir | House |
| 18:10 | Construir | House |
| 18:11 | Construir | House |
| 18:16 | Construir | Farm |
| 18:18 | Crear | Villager (Male) |
| 18:18 | Crear | Villager (Male) |
| 18:49 | Construir | Farm |
| 18:56 | Crear | Villager (Male) |
| 19:10 | Construir | Market |
| 19:21 | Construir | Farm |
| 19:22 | Crear | Villager (Male) |
| 19:39 | Construir | Farm |
| 20:03 | Construir | Farm |
| 20:21 | Crear | Spearman |
| 20:21 | Crear | Spearman |
| 20:27 | Construir | Archery Range |
| 20:31 | Crear | Villager (Male) |
| 20:31 | Crear | Villager (Male) |
| 20:54 | Construir | House |
| 20:54 | Construir | House |
| 20:55 | Construir | House |
| 20:55 | Construir | House |
| 21:06 | Crear | Skirmisher |
| 21:07 | Crear | Skirmisher |
| 21:26 | Construir | Farm |
| 22:13 | Crear | Spearman |
| 22:13 | Crear | Spearman |
| 22:23 | Construir | Barracks |
| 22:25 | Crear | Villager (Male) |
| 22:26 | Crear | Villager (Male) |
| 22:32 | Construir | Watch Tower |
| 22:40 | Construir | Farm |
| 23:05 | Crear | Skirmisher |
| 23:05 | Crear | Skirmisher |
| 23:15 | Construir | Watch Tower |
| 23:30 | Crear | Spearman |
| 24:28 | Investigar | Castle Age |
| 25:28 | Crear | Spearman |
| 25:28 | Crear | Spearman |
| 25:31 | Crear | Spearman |
| 25:32 | Crear | Spearman |
| 25:46 | Construir | Gate |
Cronología de la partida
| 9:46 | 1 · first_building Barracks |
| 10:12 | JamesBoxbox · age_up feudal |
| 10:45 | Ayaan · age_up feudal |
| 11:06 | francisco.jose.serpa · age_up feudal |
| 11:08 | aegilello · age_up feudal |
| 11:20 | aegilello · first_building Barracks |
| 12:10 | Curry- · age_up feudal |
| 12:19 | LautaZ- · age_up feudal |
| 12:28 | aegilello · first_building Stable |
| 12:35 | francisco.jose.serpa · first_building Barracks |
| 13:09 | FAL ✪ · age_up feudal |
| 13:17 | 1 · age_up feudal |
| 13:21 | Ayaan · first_market_buy 100 food |
| 13:28 | francisco.jose.serpa · first_market_sell 100 wood |
| 13:32 | francisco.jose.serpa · first_market_buy 100 food |
| 14:01 | LautaZ- · first_building Barracks |
| 15:07 | francisco.jose.serpa · age_up castle |
| 15:47 | Curry- · first_building Barracks |
| 15:51 | francisco.jose.serpa · first_building Siege Workshop |
| 16:59 | JamesBoxbox · first_building Barracks |
| 17:05 | Ayaan · age_up castle |
| 17:09 | 1 · age_up castle |
| 17:19 | Curry- · age_up castle |
| 17:23 | JamesBoxbox · first_market_buy 100 food |
| 17:49 | Curry- · first_building Monastery |
| 18:03 | 1 · first_building Monastery |
| 18:35 | FAL ✪ · age_up castle |
| 18:44 | francisco.jose.serpa · first_building Stable |
| 18:53 | Ayaan · first_building Monastery |
| 19:06 | FAL ✪ · first_building Monastery |
| 19:17 | JamesBoxbox · first_building Stable |
| 19:51 | aegilello · age_up castle |
| 19:59 | aegilello · first_building Siege Workshop |
| 20:27 | LautaZ- · first_building Archery Range |
| 20:35 | 1 · first_building Siege Workshop |
| 21:31 | FAL ✪ · first_building Stable |
| 21:31 | Ayaan · first_building Castle |
| 21:55 | JamesBoxbox · first_market_sell 100 food |
| 22:33 | JamesBoxbox · age_up castle |
| 22:46 | Curry- · wall_segment Stone Wall x8 |
| 22:47 | Ayaan · first_building Siege Workshop |
| 22:51 | Ayaan · first_building Barracks |
| 23:24 | Curry- · first_building Stable |
| 24:08 | aegilello · first_building Castle |
| 24:16 | Curry- · resign |
| 24:41 | 1 · first_building Castle |
[ ANÁLISIS IA · 1 CRÉDITO ]
¿Qué pasó realmente en esta partida?
Wolo.gg analiza cada decisión: build order, eco, micro, errores típicos por bracket. Análisis personalizado por WhatsApp o Discord en 30 segundos.
Guía civ
Cumanos
Perfil
Jugador #865620